 Dungeon Crawl Stone Soup version 0.28.0-53-g5a82cb258f (webtiles) character file.

Game seed: 6334209236643523695

11551 safid the Severer (level 11, -12/101 HPs)
             Began as a Hill Orc Fighter on July 29, 2022.
             Was a Follower of Beogh.
             Mangled by a white ugly thing (30 damage)
             ... on level 11 of the Dungeon.
             The game lasted 00:16:05 (13062 turns).

safid the Severer (Hill Orc Fighter)               Turns: 13062, Time: 00:16:06

Health: -12/101    AC: 20    Str: 24    XL:     11   Next: 79%
Magic:  11/11      EV: 12    Int:  8    God:    Beogh [*.....]
Gold:   583        SH:  4    Dex: 10    Spells: 10/10 levels left

rFire   . . .      SeeInvis .   H - +5 war axe (freeze)
rCold   . . .      Faith    .   c - +0 buckler
rNeg    . . .      Spirit   .   L - +0 plate armour
rPois   .          Reflect  .   n - +0 helmet
rElec   .          Harm     .   o - +2 cloak
rCorr   .          Rampage  .   (no gloves)
Will    .....                   x - +0 pair of boots
Stlth   ..........              (no amulet)
HPRegen 0.26/turn               G - +4 ring of evasion
MPRegen 0.12/turn               (no ring)

@: no status effects
A: no striking features
a: Renounce Religion


You were on level 11 of the Dungeon.
You worshipped Beogh.
Beogh was aware of your devotion.
You visited 1 branch of the dungeon, and saw 11 of its levels.

You collected 583 gold pieces.

Inventory:

Hand Weapons
 a - a +0 war axe
 H - a +5 war axe of freezing (weapon)
Missiles
 b - 6 javelins
 B - 2 throwing nets (quivered)
 J - 29 poisoned darts
Armour
 c - a +0 buckler (worn)
 n - a +0 helmet (worn)
 o - a +2 cloak (worn)
 x - a +0 pair of boots (worn)
 L - a +0 plate armour (worn)
Jewellery
 d - an amulet of faith
 G - a +4 ring of evasion (left hand)
Wands
 e - a wand of paralysis (11)
 p - a wand of polymorph (8)
 v - a wand of iceblast (25)
Scrolls
 g - 2 scrolls of vulnerability
 k - 2 scrolls of torment
 q - a scroll of enchant armour {unknown}
 s - 3 scrolls of blinking
 t - 3 scrolls of magic mapping
 u - a scroll of fog {unknown}
 y - 3 scrolls of immolation
 z - 3 scrolls of silence
 D - 6 scrolls of teleportation
 E - a scroll of noise {unknown}
 F - a scroll of summoning {unknown}
 M - a scroll of enchant weapon {unknown}
 N - 2 scrolls of identify
Potions
 f - 2 potions of invisibility
 h - 2 potions of haste
 i - 4 potions of curing
 j - 2 potions of ambrosia
 l - 3 potions of heal wounds
 m - 2 potions of brilliance {unknown}
 r - 2 potions of lignification {unknown}
 w - 2 potions of degeneration {unknown}
 A - 3 potions of attraction
 C - a potion of berserk rage {unknown}
 I - a potion of experience {unknown}
 K - 3 potions of flight
 O - 2 potions of mutation {unknown}


   Skills:
 + Level 10.3 Fighting
 - Level 16.0 Axes
 + Level 9.6 Armour
 - Level 6.0 Dodging
 - Level 4.0 Shields


You had 10 spell levels left.
You didn't know any spells.
Your spell library contained the following spells:

 Spells                   Type           Power      Damage    Failure   Level
 Apportation              Tloc           0%         N/A       100%        1
 Corpse Rot               Necr/Air       0%         N/A       100%        2
 Sublimation of Blood     Necr           0%         N/A       100%        2
 Confusing Touch          Hex            0%         N/A       100%        3
 Gell's Gravitas          Tloc           0%         N/A       100%        3
 Lesser Beckoning         Tloc           0%         N/A       100%        3
 Ozocubu's Armour         Ice            0%         N/A       100%        3
 Teleport Other           Tloc           0%         N/A       100%        3
 Dispel Undead            Necr           0%         3d6       100%        4
 Petrify                  Tmut/Erth      0%         N/A       100%        4
 Alistair's Intoxication  Tmut/Pois      0%         N/A       100%        5
 Irradiate                Conj/Tmut      0%         3d13      100%        5
 Yara's Violent Unravell  Hex/Tmut       0%         3d3       100%        5
 Death Channel            Necr           0%         N/A       100%        6
 Enfeeble                 Hex            0%         N/A       100%        7
 Ozocubu's Refrigeration  Ice            0%         4d5       100%        7


Dungeon Overview and Level Annotations

Branches:
Dungeon (11/15)            Temple (0/1) D:5            Lair (0/6) D:9
    Orc (0/2) D:11

Altars:
Cheibriados
Dithmenos
Elyvilon
Hepliaklqana
Nemelex Xobeh
Okawaru
Ru
Sif Muna
Xom
Zin
Lugonu

Shops:
D:4 [   D:8 [   D:10 :   D:11 !

Portals:
Trove: D:10 (give +6 demon whip)

Annotations:
D:2 1 runed translucent door, Crazy Yiuf
D:7 2 transporters


Message History

There is an escape hatch in the ceiling here.
Found a robe.
Found a glowing falchion.
N - 2 scrolls of identify (gained 1)
A white ugly thing comes into view.
Found 4 boomerangs.
Found a stone staircase leading up.
You see here a scroll labelled AVAUNYBOTOF.
The white ugly thing closely misses you.
You slash the white ugly thing! You freeze the white ugly thing.
The white ugly thing is lightly wounded.
You block the white ugly thing's attack.
You hit the white ugly thing but do no damage.
The white ugly thing is lightly wounded.
The white ugly thing trunk-slaps you but does no damage.
You slash the white ugly thing! You freeze the white ugly thing.
The white ugly thing is moderately wounded.
You hit the white ugly thing.
The white ugly thing is moderately wounded.
The white ugly thing trunk-slaps you! The white ugly thing freezes you!!
You closely miss the white ugly thing.
The white ugly thing is moderately wounded.
The white ugly thing trunk-slaps you! The white ugly thing freezes you!!
* * * LOW HITPOINT WARNING * * *
You are too injured to fight recklessly!
You are too injured to fight recklessly!
You are too injured to fight recklessly!
You are too injured to fight recklessly!
You are too injured to fight recklessly!
You are too injured to fight recklessly!
You are too injured to fight recklessly!
You are too injured to fight recklessly!
You are too injured to fight recklessly!
You are too injured to fight recklessly!
Unknown command.
You hit the white ugly thing.
The white ugly thing is moderately wounded.
The white ugly thing trunk-slaps you!
* * * LOW HITPOINT WARNING * * *
The white ugly thing freezes you!!
You die...

))## #.#.# .#
...###.#.####### #.#
...................#
...[.#.#.#####.##..##
......(..#####.##....
.....#.....<......######
#...##....####..........
........#.......?...##.#
#######.#..###..@......#
##.#..# #.##u#.##?#
##.....###.##.# #
#..........##.#
#......######(# #.##
#......# #.# ...#
##[..#)# #.. .# #..#
###.#.# ### .# #..#
#.#.. ..# #..#


You could see a white ugly thing.

Vanquished Creatures
  3 two-headed ogres
  Pikel (D:7)
  An ugly thing (D:8)
  A cyclops (D:11)
  A komodo dragon (D:8)
  Prince Ribbit (D:7)
  4 slime creatures (D:10)
  A wyvern (D:9)
  A shadow (D:10)
  6 yaks
  A wraith (D:10)
  Menkaure (D:6)
  Edmund (D:5)
  5 water moccasins
  An acid dragon (D:10)
  6 orc warriors
  2 sky beasts
  A black bear (D:5)
  2 ice beasts
  An ogre (D:6)
  A centaur (D:8)
  3 lemures (D:8)
  2 phantoms
  3 kobold brigands
  A gnoll sergeant (D:6)
  2 scorpions
  3 jellies
  4 killer bees (D:10)
  9 wights
  4 howler monkeys
  A vampire bat (D:3)
  4 electric eels (D:10)
  4 centaur zombies
  3 hounds (D:5)
  A bullfrog skeleton (D:5)
  A gnoll shaman (D:8)
  3 orc priests
  Jessica (D:2)
  9 orc wizards
  Terence (D:3)
  4 iguanas
  Natasha (thrice) (D:2)
  2 howler monkey zombies (D:9)
  Robin (D:2)
  13 gnolls
  6 adders
  2 shadow imps (D:5)
  3 ufetubi
  2 adder skeletons
  2 worms
  2 dart slugs (D:1)
  3 fire bats (D:3)
  46 orcs
  2 spectral bats (D:3)
  9 ball pythons
  3 bat skeletons (D:3)
  A bat zombie (D:3)
  8 endoplasms
  A giant cockroach (D:3)
  14 goblins
  14 hobgoblins
  4 quokkas
  12 bats
  A bat simulacrum (D:3)
  4 frilled lizards
  22 kobolds
  3 rats
288 creatures vanquished.

Vanquished Creatures (others)
  An orc priest (D:11)
  9 orcs (D:11)
  4 fungi
  9 plants
23 creatures vanquished.

Grand Total: 311 creatures vanquished

Notes
Turn   | Place    | Note
-------+----------+-------------------------------------------
     0 | D:1      | safid the Hill Orc Fighter began the quest for the Orb.
     0 | D:1      | Reached XP level 1. HP: 19/19 MP: 1/1
   195 | D:1      | Reached XP level 2. HP: 12/27 MP: 2/2
   362 | D:1      | Reached skill level 3 in Axes
   745 | D:1      | Reached XP level 3. HP: 31/33 MP: 3/3
   954 | D:2      | Noticed Robin
  1247 | D:2      | Killed Robin
  1248 | D:2      | Reached XP level 4. HP: 9/40 MP: 4/4
  1544 | D:2      | Noticed Jessica
  1548 | D:2      | Killed Jessica
  1549 | D:2      | Reached skill level 4 in Axes
  1578 | D:2      | Noticed Natasha
  1592 | D:2      | Killed Natasha
  1593 | D:2      | Reached skill level 5 in Axes
  1593 | D:2      | Reached XP level 5. HP: 22/46 MP: 5/5
  1749 | D:2      | Found a shimmering altar of Xom.
  1802 | D:2      | Noticed Natasha
  1805 | D:2      | Killed Natasha
  1895 | D:2      | Noticed Natasha
  1900 | D:2      | Killed Natasha
  1901 | D:2      | Reached skill level 6 in Axes
  1931 | D:2      | Found a runed translucent door.
  1932 | D:2      | Noticed Crazy Yiuf
  2226 | D:3      | Reached XP level 6. HP: 14/52 MP: 6/6
  2320 | D:3      | Reached skill level 7 in Axes
  2504 | D:3      | Found a shadowy altar of Dithmenos.
  2511 | D:3      | Found a sacrificial altar of Ru.
  2808 | D:3      | Found a hazy altar of Hepliaklqana.
  2906 | D:3      | Reached skill level 8 in Axes
  3031 | D:3      | Reached XP level 7. HP: 59/59 MP: 7/7
  3086 | D:3      | Reached skill level 9 in Axes
  3146 | D:3      | Noticed Terence
  3152 | D:3      | Killed Terence
  3851 | D:4      | Found Uzijieg's Antique Armour Boutique.
  4465 | D:4      | Reached skill level 10 in Axes
  4579 | D:5      | Entered Level 5 of the Dungeon
  4632 | D:5      | Found a staircase to the Ecumenical Temple.
  4856 | D:5      | Found a snail-covered altar of Cheibriados.
  4864 | D:5      | Reached XP level 8. HP: 65/66 MP: 8/8
  4952 | D:5      | Found a glowing silver altar of Zin.
  4989 | D:5      | Reached skill level 11 in Axes
  5082 | D:5      | Noticed Edmund
  5096 | D:5      | Killed Edmund
  5113 | D:5      | Reached skill level 12 in Axes
  5125 | D:5      | HP: 1/66 [black bear (4)]
  5773 | D:6      | Reached skill level 13 in Axes
  6075 | D:6      | Noticed Menkaure
  6086 | D:6      | Killed Menkaure
  6393 | D:6      | Reached XP level 9. HP: 71/71 MP: 9/9
  6461 | D:6      | Reached skill level 14 in Axes
  6476 | D:6      | Found a sparkling altar of Nemelex Xobeh.
  6602 | D:6      | Found an iron altar of Okawaru.
  7253 | D:7      | Found a transporter.
  7255 | D:7      | Noticed an ancient zyme
  7256 | D:7      | Found a corrupted altar of Lugonu.
  7257 | D:7      | Noticed a cyan ugly thing
  7258 | D:7      | Noticed a purple ugly thing
  7303 | D:7      | Noticed Prince Ribbit
  7324 | D:7      | Killed Prince Ribbit
  7325 | D:7      | Reached skill level 15 in Axes
  7680 | D:7      | Found a transporter.
  7717 | D:7      | Found a shimmering blue altar of Sif Muna.
  8033 | D:7      | Reached skill level 16 in Axes
  8199 | D:8      | Found Ledd's Armour Shoppe.
  8293 | D:8      | Noticed Pikel
  8694 | D:7      | Killed Pikel
  8695 | D:7      | Reached skill level 5 in Fighting
  8695 | D:7      | Reached skill level 1 in Dodging
  8841 | D:8      | Reached skill level 5 in Armour
  8841 | D:8      | Reached XP level 10. HP: 74/81 MP: 10/10
  9078 | D:8      | Noticed a cyan ugly thing
  9110 | D:8      | Killed a cyan ugly thing
  9764 | D:9      | Noticed a two-headed ogre
  9770 | D:9      | Killed a two-headed ogre
  9892 | D:9      | Found a staircase to the Lair.
 10113 | D:9      | Noticed a two-headed ogre
 10123 | D:9      | Killed a two-headed ogre
 10396 | D:9      | Reached XP level 11. HP: 94/94 MP: 11/11
 10680 | D:10     | Entered Level 10 of the Dungeon
 10711 | D:10     | Reached skill level 5 in Dodging
 11548 | D:10     | Found Done's Book Boutique.
 11600 | D:10     | Found a portal to a secret trove of treasure.
 11621 | D:10     | Found a white marble altar of Elyvilon.
 12575 | D:11     | Found Lyug Yruis's Distillery.
 12617 | D:11     | Became a worshipper of Beogh the Brigand
 12661 | D:11     | Found a staircase to the Orcish Mines.
 12776 | D:11     | Noticed a two-headed ogre
 12782 | D:11     | Killed a two-headed ogre
 12783 | D:11     | Reached skill level 10 in Fighting
 12797 | D:11     | Reached * piety under Beogh
 12987 | D:11     | Noticed a cyclops
 12994 | D:11     | Killed a cyclops
 13053 | D:11     | Noticed a white ugly thing
 13062 | D:11     | Mangled by a white ugly thing

Illustrated notes

Levels and vault maps discovered:
D:1:      evilmike_arrival_plus, layout_rooms, serial_glass, glass_columns_b,
          glass_columns_c, minmay_box_of_dots
D:2:      layout_rooms, basic_altar, uniq_natasha, uniq_jessica,
          uniq_crazy_yiuf_cottage, uniq_robin
D:3:      layout_loops_ring, mainiacjoe_overflow_big_doors,
          nicolae_hepliaklqana_hippocampus, chequers_serial_rivers_micro_e,
          goddamned_bats, uniq_terence
D:4:      nicolae_cairo_tiling_very_big, layout_loops_ring, serial_shops, shop,
          minmay_stone_trees_medium
D:5:      layout_basic, mainiacjoe_overflow_24_doors, kennysheep_mini,
          minmay_temple_entry_offerings, st_stairs_6,
          chequers_serial_rivers_room_a, minmay_chambers_of_fives, uniq_edmund
D:6:      layout_gridville, nemelex_spade_bored_becter,
          mainiacjoe_overflow_alcove_4, uniq_menkaure
D:7:      gammafunk_corrupted_shrine, layout_rooms,
          mainiacjoe_overflow_brackets, uniq_prince_ribbit1
D:8:      layout_loops_ring, serial_shops, shop_statue, minmay_lizard_king,
          uniq_pikel
D:9:      layout_loops_ring, dpeg_oklobed_lair
D:10:     layout_basic, mainiacjoe_overflow_boulevard, serial_shops,
          nicolae_stop_n_shop_2, nicolae_trove_entry_free_sample,
          minmay_rotating_lava
D:11:     layout_loops_ring, hiddenorc2_lemuel, serial_shops,
          nicolae_shop_waterfront

Skill      XL: |  1  2  3  4  5  6  7  8  9 10 11 |
---------------+----------------------------------+-----
Axes           | 3 5 6 8 10 13 16 | 16.0
Fighting       | 4 5 8 10 | 10.3
Armour         | 4 5 7 9 |  9.6
Shields        | 4 |  4.0
Dodging        | 2 4 6 |  6.0

Action                   |  1- 3 |  4- 6 |  7- 9 | 10-12 || total
-------------------------+-------+-------+-------+-------++-------
Melee: War axe           |    76 |   155 |   410 |   389 ||  1030
Throw: Throwing net      |       |       |       |     4 ||     4
Invok: Convert to Beogh  |       |       |       |     1 ||     1
  Use: Scroll            |       |       |     8 |     5 ||    13
       Potion            |       |       |     3 |       ||     3
 Stab: Held in net/web   |       |       |       |     1 ||     1
Armor: Scale mail        |    33 |    76 |   202 |    71 ||   382
       Plate armour      |       |       |       |    33 ||    33
Dodge: Dodged            |    34 |    63 |   183 |   139 ||   419
Block: Buckler           |    16 |    45 |    76 |    49 ||   186
